TOP OF THE 1ST |
Texas Longhorns batting - Pitching for South Florida Bulls : RHP Clifford Sullivan
|
Pitching: RHP Clifford Sullivan
|
|
Batting: LHB Matt Turner
|
0-0: Called Strike 0-1: Ball 1-1: Ball 2-1: Ball 3-1: Base on Balls
|
Batting: RHB Norm Martin
|
0-0: Swinging Strike 0-1: Ball 1-1: Swinging Strike 1-2: Foul Ball, location: 2F 1-2: Foul Ball, location: 2F 1-2: Ball 2-2: SINGLE (Groundball, 6MD) Matt Turner to second Runner from 2nd tries for 3rd, SAFE, no throw
|
Batting: LHB Bill Turner
|
0-0: Ball 1-0: Ball 2-0: SINGLE (Groundball, 6MD) Matt Turner scores Norm Martin to second Runner from 2nd tries for 3rd, SAFE, no throw
|
Batting: RHB William Gilmore
|
0-0: Ball 1-0: Ground out U3 (Groundball, 23) Norm Martin scores Bill Turner to second
|
Batting: SHB Dave Hickman
|
0-0: Foul Ball, location: 2F 0-1: Foul Ball, location: 2F 0-2: Foul Ball, location: 2F 0-2: Fly out, F7 (Flyball, 7LM)
|
Batting: RHB David Stephens
|
0-0: Ground out 6-3 (Groundball, 6)
|
Top of the 1st over - 2 runs, 2 hits, 0 errors, 1 left on base; Texas 2 - South Florida 0 |
BOTTOM OF THE 1ST |
South Florida Bulls batting - Pitching for Texas Longhorns : RHP Tim Sheridan
|
Pitching: RHP Tim Sheridan
|
|
Batting: RHB Brian Jones
|
0-0: Ball 1-0: Foul Ball, location: 2F 1-1: Called Strike 1-2: Fly out, F3 (Popup, 3SF)
|
Batting: RHB Keith Olson
|
0-0: Called Strike 0-1: Swinging Strike 0-2: Foul Ball, location: 2F 0-2: Ball 1-2: Ground out 3-1 (Groundball, 34)
|
Batting: RHB Brian Lovell
|
0-0: Ground out 6-3 (Groundball, 6)
|
Bottom of the 1st over - 0 runs, 0 hits, 0 errors, 0 left on base; Texas 2 - South Florida 0 |
TOP OF THE 2ND |
Texas Longhorns batting - Pitching for South Florida Bulls : RHP Clifford Sullivan
|
Batting: RHB Curtis Lawson
|
0-0: Called Strike 0-1: Ball 1-1: Ball 2-1: Ball 3-1: Foul Ball, location: 2F 3-2: Foul Ball, location: 2F 3-2: Foul Ball, location: 2F 3-2: Fly out, F9 (Line Drive, 9LM)
|
Batting: RHB Frank Music
|
0-0: Foul Ball, location: 2F 0-1: Ball 1-1: Fly out, F8 (Flyball, 89D)
|
Batting: LHB Jim Davis
|
0-0: Fly out, F7 (Flyball, 7S)
|
Top of the 2nd over - 0 runs, 0 hits, 0 errors, 0 left on base; Texas 2 - South Florida 0 |
BOTTOM OF THE 2ND |
South Florida Bulls batting - Pitching for Texas Longhorns : RHP Tim Sheridan
|
Batting: RHB Javier Gómez
|
0-0: Called Strike 0-1: SINGLE (Line Drive, 56D)
|
Batting: RHB Mike McGee
|
0-0: Ball Javier Gómez is caught stealing 2nd base 1-0: Called Strike 1-1: Ball 2-1: Swinging Strike 2-2: Fly out, F7 (Flyball, 7S)
|
Batting: RHB Jon Hinton
|
0-0: Fly out, F9 (Flyball, 9)
|
Bottom of the 2nd over - 0 runs, 1 hit, 0 errors, 0 left on base; Texas 2 - South Florida 0 |
TOP OF THE 3RD |
Texas Longhorns batting - Pitching for South Florida Bulls : RHP Clifford Sullivan
|
Batting: LHB Matt Turner
|
0-0: Called Strike 0-1: Foul Ball, location: 2F 0-2: Ball 1-2: Strikes out looking
|
Batting: RHB Norm Martin
|
0-0: Ball 1-0: Foul Ball, location: 2F 1-1: Foul Ball, location: 2F 1-2: Strikes out looking
|
Batting: LHB Bill Turner
|
0-0: Fly out, F8 (Line Drive, 8LD)
|
Top of the 3rd over - 0 runs, 0 hits, 0 errors, 0 left on base; Texas 2 - South Florida 0 |
BOTTOM OF THE 3RD |
South Florida Bulls batting - Pitching for Texas Longhorns : RHP Tim Sheridan
|
Batting: RHB Coy Walsh
|
0-0: Fly out, F3 (Popup, 3F)
|
Batting: RHB José Ramírez
|
0-0: Called Strike 0-1: SINGLE (Groundball, 4MD)
|
Batting: LHB Ramiro Valdés
|
0-0: Fly out, F7 (Flyball, 7LMF)
|
Batting: RHB Brian Jones
|
0-0: Ball 1-0: Called Strike 1-1: Foul Ball, location: 2F 1-2: Ball 2-2: Foul Ball, location: 2F 2-2: Fly out, F8 (Flyball, 89M)
|
Bottom of the 3rd over - 0 runs, 1 hit, 0 errors, 1 left on base; Texas 2 - South Florida 0 |
TOP OF THE 4TH |
Texas Longhorns batting - Pitching for South Florida Bulls : RHP Clifford Sullivan
|
Batting: RHB William Gilmore
|
0-0: Called Strike 0-1: Ball 1-1: Called Strike 1-2: Ball 2-2: Ball 3-2: Base on Balls
|
Batting: SHB Dave Hickman
|
0-0: Called Strike 0-1: Ball 1-1: Ball 2-1: Called Strike 2-2: Ball 3-2: Fielders Choice at 2nd, 6-4 (Groundball, 6)
|
Batting: RHB David Stephens
|
0-0: Called Strike 0-1: Ball 1-1: Ball 2-1: Foul Ball, location: 2F 2-2: Reached on error, E6 (Groundball, 6) Dave Hickman to second
|
Batting: RHB Curtis Lawson
|
0-0: Ball 1-0: Called Strike 1-1: Ball 2-1: Foul Ball, location: 2F 2-2: Foul Ball, location: 2F 2-2: Strikes out swinging
|
Batting: RHB Frank Music
|
0-0: Called Strike 0-1: Ball 1-1: Swinging Strike 1-2: Strikes out swinging
|
Top of the 4th over - 0 runs, 0 hits, 1 error, 2 left on base; Texas 2 - South Florida 0 |
BOTTOM OF THE 4TH |
South Florida Bulls batting - Pitching for Texas Longhorns : RHP Tim Sheridan
|
Batting: RHB Keith Olson
|
0-0: Ball 1-0: Ball 2-0: Ball 3-0: Called Strike 3-1: Base on Balls
|
Batting: RHB Brian Lovell
|
0-0: Ball 1-0: Fly out, F7 (Flyball, 7LM)
|
Batting: RHB Javier Gómez
|
0-0: Ball 1-0: Called Strike 1-1: DOUBLE (Groundball, 3L) Keith Olson to third Runner from 3rd tries for Home, SAFE, no throw
|
Batting: RHB Mike McGee
|
0-0: Ball 1-0: Swinging Strike 1-1: Foul Ball, location: 2F 1-2: Ball 2-2: Fly out, F7 (Line Drive, 7)
|
Batting: RHB Jon Hinton
|
0-0: Ball 1-0: Foul Ball, location: 2F 1-1: Foul Ball, location: 2F 1-2: Foul Ball, location: 2F 1-2: Ball 2-2: Strikes out looking
|
Bottom of the 4th over - 1 run, 1 hit, 0 errors, 1 left on base; Texas 2 - South Florida 1 |
TOP OF THE 5TH |
Texas Longhorns batting - Pitching for South Florida Bulls : RHP Clifford Sullivan
|
Batting: LHB Jim Davis
|
0-0: Ball 1-0: Ball 2-0: Ball 3-0: Called Strike 3-1: Ground out 4-3 (Groundball, 4)
|
Batting: LHB Matt Turner
|
0-0: Ball 1-0: Called Strike 1-1: Ball 2-1: Ball 3-1: Ground out 4-3 (Groundball, 4)
|
Batting: RHB Norm Martin
|
0-0: Ball 1-0: SINGLE (Groundball, 34D)
|
Pitching: RHP William Jones
|
|
Batting: LHB Bill Turner
|
0-0: Called Strike 0-1: Ball 1-1: Ball 2-1: Ball 3-1: Base on Balls Norm Martin to second
|
Batting: RHB William Gilmore
|
0-0: Ball 1-0: Ball 2-0: Fly out, F6 (Line Drive, 6)
|
Top of the 5th over - 0 runs, 1 hit, 0 errors, 2 left on base; Texas 2 - South Florida 1 |
BOTTOM OF THE 5TH |
South Florida Bulls batting - Pitching for Texas Longhorns : RHP Tim Sheridan
|
Batting: RHB Coy Walsh
|
0-0: Fly out, F3 (Popup, 3D)
|
Batting: RHB José Ramírez
|
0-0: Ball 1-0: Ball 2-0: Ball 3-0: Called Strike 3-1: Foul Ball, location: 2F 3-2: Ground out U3 (Groundball, 34)
|
Batting: LHB Ramiro Valdés
|
0-0: Ground out 6-3 (Groundball, 6)
|
Bottom of the 5th over - 0 runs, 0 hits, 0 errors, 0 left on base; Texas 2 - South Florida 1 |
TOP OF THE 6TH |
Texas Longhorns batting - Pitching for South Florida Bulls : RHP William Jones
|
Batting: SHB Dave Hickman
|
0-0: SINGLE (Line Drive, 4MD)
|
Batting: RHB David Stephens
|
0-0: Ball 1-0: Called Strike 1-1: Foul Ball, location: 2F 1-2: Foul Ball, location: 2F 1-2: Fly out, F8 (Flyball, 89D)
|
Batting: RHB Curtis Lawson
|
0-0: Ball 1-0: Foul Ball, location: 2F 1-1: Swinging Strike 1-2: Strikes out looking
|
Batting: RHB Frank Music
|
0-0: Called Strike 0-1: Ball 1-1: Ball 2-1: Ball 3-1: Foul Ball, location: 2F 3-2: Foul Ball, location: 2F 3-2: Fly out, F9 (Flyball, 9)
|
Top of the 6th over - 0 runs, 1 hit, 0 errors, 1 left on base; Texas 2 - South Florida 1 |
BOTTOM OF THE 6TH |
South Florida Bulls batting - Pitching for Texas Longhorns : RHP Tim Sheridan
|
Batting: RHB Brian Jones
|
0-0: Called Strike 0-1: Ball 1-1: Called Strike 1-2: Foul Ball, location: 2F 1-2: Ball 2-2: SINGLE (Groundball, 56D)
|
Batting: RHB Keith Olson
|
0-0: Grounds into double play, 6-4-3 (Groundball, 6)
|
Batting: RHB Brian Lovell
|
0-0: Ball 1-0: Called Strike 1-1: Called Strike 1-2: Strikes out swinging
|
Bottom of the 6th over - 0 runs, 1 hit, 0 errors, 0 left on base; Texas 2 - South Florida 1 |
TOP OF THE 7TH |
Texas Longhorns batting - Pitching for South Florida Bulls : RHP William Jones
|
Batting: LHB Jim Davis
|
0-0: Fly out, F5 (Line Drive, 5)
|
Batting: LHB Matt Turner
|
0-0: Called Strike 0-1: Ball 1-1: SINGLE (Line Drive, 89S)
|
Batting: RHB Norm Martin
|
0-0: Ball 1-0: Called Strike 1-1: Ball 2-1: Called Strike 2-2: Strikes out looking
|
Batting: LHB Bill Turner
|
0-0: Called Strike 0-1: Ball 1-1: Called Strike Matt Turner steals 2nd base 1-2: Ball 2-2: Ball 3-2: Foul Ball, location: 2F 3-2: Foul Ball, location: 2F 3-2: Base on Balls
|
Batting: RHB William Gilmore
|
0-0: Ball 1-0: Ball 2-0: Called Strike 2-1: Foul Ball, location: 2F 2-2: Ball 3-2: Strikes out swinging, 2-3 out at first.
|
Top of the 7th over - 0 runs, 1 hit, 0 errors, 2 left on base; Texas 2 - South Florida 1 |
BOTTOM OF THE 7TH |
South Florida Bulls batting - Pitching for Texas Longhorns : RHP Tim Sheridan
|
Batting: RHB Javier Gómez
|
0-0: Ball 1-0: Ball 2-0: SINGLE (Flyball, 89M)
|
Batting: RHB Mike McGee
|
0-0: Foul Ball, location: 2F 0-1: Reached on error, E5 (Groundball, 5) Javier Gómez to second
|
Batting: RHB Jon Hinton
|
0-0: Ball Javier Gómez is caught stealing 3rd base 1-0: Called Strike 1-1: Foul Ball, location: 2F 1-2: Ball 2-2: Strikes out swinging
|
Pinch Hitting: SHB Dave Wilson
|
0-0: Foul Ball, location: 2F 0-1: Foul Ball, location: 2F 0-2: Strikes out swinging
|
Bottom of the 7th over - 0 runs, 1 hit, 1 error, 1 left on base; Texas 2 - South Florida 1 |
TOP OF THE 8TH |
Texas Longhorns batting - Pitching for South Florida Bulls : RHP William Jones
|
Now at 3B: Dave Wilson
|
|
Batting: SHB Dave Hickman
|
0-0: Called Strike 0-1: Ball 1-1: SINGLE (Groundball, 4MS) (infield hit)
|
Batting: RHB David Stephens
|
0-0: Foul Ball, location: 2F 0-1: Ball 1-1: Bunted foul 1-2: Foul Ball, location: 2F 1-2: Foul Ball, location: 2F 1-2: Foul Ball, location: 2F 1-2: Ball Wild Pitch! Dave Hickman to second 2-2: Ball 3-2: Intentional Walk
|
Batting: RHB Curtis Lawson
|
0-0: Reached on error, E1 (Groundball, P) Dave Hickman scores David Stephens to third
|
Batting: RHB Frank Music
|
0-0: Intentional Walk
|
Batting: LHB Jim Davis
|
0-0: Called Strike 0-1: SINGLE (Groundball, 6D) David Stephens scores Curtis Lawson to third Frank Music to second Runner from 3rd tries for Home, SAFE, throw made home
|
Pitching: LHP Sam MacKey
|
|
Batting: LHB Matt Turner
|
0-0: Called Strike 0-1: Swinging Strike 0-2: Ball 1-2: Ball 2-2: Foul Ball, location: 2F 2-2: SINGLE (Line Drive, 34D) Frank Music to third Jim Davis to second Runner from 3rd tries for Home, throw and OUT!
|
Batting: RHB Norm Martin
|
0-0: Ball 1-0: Foul Ball, location: 2F 1-1: Called Strike 1-2: Ball 2-2: Foul Ball, location: 2F 2-2: Ball Pickoff Throw to Second - Out! 3-2: Foul Ball, location: 2F 3-2: Base on Balls Matt Turner to second
|
Batting: LHB Bill Turner
|
0-0: Called Strike Norm Martin is caught stealing 2nd base
|
Top of the 8th over - 3 runs, 3 hits, 1 error, 1 left on base; Texas 5 - South Florida 1 |
BOTTOM OF THE 8TH |
South Florida Bulls batting - Pitching for Texas Longhorns : RHP Tim Sheridan
|
Pitching: RHP Eugene Jackson
|
|
Batting: RHB José Ramírez
|
0-0: Called Strike 0-1: Swinging Strike 0-2: Foul Ball, location: 2F 0-2: Ground out 6-3 (Groundball, 6)
|
Batting: LHB Ramiro Valdés
|
0-0: Ball 1-0: Ball 2-0: Ball 3-0: Called Strike 3-1: SINGLE (Line Drive, 34)
|
Batting: RHB Brian Jones
|
0-0: Foul Ball, location: 2F 0-1: Ball Wild Pitch! Ramiro Valdés to second 1-1: Called Strike 1-2: Ball 2-2: 2-RUN HOME RUN (Flyball, 9D), Distance : 365 ft
|
Pitching: RHP Ellis Coleman
|
|
Batting: RHB Keith Olson
|
0-0: Ball 1-0: Called Strike 1-1: Ball 2-1: Foul Ball, location: 2F 2-2: Foul Ball, location: 2F 2-2: SINGLE (Groundball, 56D)
|
Batting: RHB Brian Lovell
|
0-0: Foul Ball, location: 2F 0-1: Ball 1-1: Swinging Strike 1-2: Foul Ball, location: 2F 1-2: Fly out, F9 (Flyball, 9S)
|
Batting: RHB Javier Gómez
|
0-0: Ball 1-0: Called Strike 1-1: Fielders Choice at 2nd, 6-4 (Groundball, 6)
|
Bottom of the 8th over - 2 runs, 3 hits, 0 errors, 1 left on base; Texas 5 - South Florida 3 |
TOP OF THE 9TH |
Texas Longhorns batting - Pitching for South Florida Bulls : LHP Sam MacKey
|
Batting: LHB Bill Turner
|
0-0: Foul Ball, location: 2F 0-1: SOLO HOME RUN (Flyball, 9LD), Distance : 340 ft
|
Batting: RHB William Gilmore
|
0-0: Ball 1-0: Ball 2-0: Foul Ball, location: 2F 2-1: Swinging Strike 2-2: Foul Ball, location: 2F 2-2: Ball 3-2: Foul Ball, location: 2F 3-2: Strikes out swinging
|
Batting: SHB Dave Hickman
|
0-0: Ground out 1-3 (Groundball, 15)
|
Batting: RHB David Stephens
|
0-0: Ball 1-0: Foul Ball, location: 2F 1-1: SINGLE (Line Drive, 6MD)
|
Batting: RHB Curtis Lawson
|
0-0: DOUBLE (Line Drive, 78M) David Stephens to third Runner from 3rd tries for Home, SAFE, no throw
|
Pitching: RHP Thomas Hoffman
|
|
Batting: RHB Frank Music
|
0-0: Ball 1-0: Called Strike 1-1: Ball 2-1: Ball 3-1: Called Strike 3-2: Foul Ball, location: 2F 3-2: Foul Ball, location: 2F 3-2: Base on Balls
|
Batting: LHB Jim Davis
|
0-0: Swinging Strike 0-1: Ball 1-1: Ball 2-1: Swinging Strike 2-2: Strikes out swinging
|
Top of the 9th over - 2 runs, 3 hits, 0 errors, 2 left on base; Texas 7 - South Florida 3 |
BOTTOM OF THE 9TH |
South Florida Bulls batting - Pitching for Texas Longhorns : RHP Ellis Coleman
|
Batting: RHB Mike McGee
|
0-0: Called Strike 0-1: Swinging Strike 0-2: Strikes out swinging
|
Batting: RHB Jon Hinton
|
0-0: Called Strike 0-1: Ground out 4-3 (Groundball, 4M)
|
Batting: SHB Dave Wilson
|
0-0: Ball 1-0: Ball 2-0: Ball 3-0: Base on Balls
|
Batting: RHB José Ramírez
|
0-0: Foul Ball, location: 2F 0-1: Fly out, F2 (Popup, 23F)
|
Bottom of the 9th over - 0 runs, 0 hits, 0 errors, 1 left on base; Texas 7 - South Florida 3 |
|